 Dungeon Crawl Stone Soup version 0.27-a0-1232-gc6a4cbde82 (webtiles) character file.

Game seed: 95308401589253486

10295 robertstho the Thaumaturge (level 11, -6/69 HPs)
             Began as a Djinni Fire Elementalist on June 8, 2021.
             Was an Elder of the Shining One.
             Shot with a sling bullet by Joseph (22 damage)
             ... on level 8 of the Dungeon.
             The game lasted 00:22:28 (13576 turns).

robertstho the Thaumaturge (DjFE)                  Turns: 13576, Time: 00:22:29

Health: -6/69      AC:  3    Str:  7    XL:     11   Next: 90%
Gold:   339        EV: 13    Int: 21    God:    the Shining One [****..] SH:  0 Dex: 13

rFire    + + +     SeeInvis +   e - +7 lajatang of Garaseadd {speed, rElec rN+ Will+}
rCold    x . .     Faith    .   (shield currently unavailable)
rNeg     + + +     Spirit   .   u - +2 robe {rN+}
rPois    ∞         Reflect  .   A - +0 helmet
rElec    +         Harm     .   w - +1 cloak
rCorr    .         Rampage  .   (no gloves)
Will     ++...                  (boots unavailable)
Stlth    +.........             (no amulet)
HPRegen  0.21/turn              o - ring of see invisible
MPRegen  0.00/turn              D - ring of protection from fire

@: corroded, flying, glowing
A: sickness immunity, fire resistance 2, cold vulnerability 1, float, innate
caster, hp casting, extra vitality 1
a: Renounce Religion, Divine Shield, Cleansing Flame


You were on level 8 of the Dungeon.
You worshipped the Shining One.
The Shining One was greatly pleased with you.
You visited 2 branches of the dungeon, and saw 10 of its levels.

You collected 339 gold pieces.

Inventory:

Hand Weapons
 e - the +7 lajatang of Garaseadd (weapon) {speed, rElec rN+ Will+}
   (You acquired it on level 9 of the Dungeon)

   Attacks with this weapon are significantly faster.
   It insulates you from electricity.
   It protects you from negative energy.
   It increases your willpower.
 n - a +0 dagger of flaming
 y - a +0 whip of electrocution
Missiles
 g - 6 throwing nets
Armour
 u - a +2 robe of positive energy (worn)
 w - a +1 cloak (worn)
 A - a +0 helmet (worn)
Magical Staves
 h - a staff of fire
Jewellery
 o - a ring of see invisible (left hand)
 D - a ring of protection from fire (right hand)
Wands
 l - a wand of polymorph (5)
 v - a wand of iceblast (4)
 x - a wand of flame (14)
Scrolls
 a - a scroll of magic mapping {unknown}
 b - 2 scrolls of teleportation
 c - a scroll of vulnerability
 d - a scroll of fear
 i - 6 scrolls of immolation
 j - a scroll of fog {unknown}
 m - a scroll of enchant weapon
 s - 2 scrolls of holy word
 t - a scroll of brand weapon
 z - a scroll of noise {unknown}
 B - a scroll of silence
Potions
 f - a potion of lignification {unknown}
 k - 4 potions of flight
 q - a potion of might {unknown}
 r - a potion of brilliance {unknown}
 C - a potion of resistance {unknown}


   Skills:
 + Level 2.4 Fighting
 + Level 0.1 Staves
 + Level 4.4 Dodging
 + Level 3.8 Stealth
 * Level 12.2 Spellcasting
 * Level 5.9 Invocations


You had 3 spell levels left.
You knew the following spells:

 Your Spells              Type           Power      Damage    Failure   Level
a - Foxfire               Conj/Fire      100%       2x1d9     1%          1
b - Conjure Flame         Conj/Fire      59%        6-21      1%          3
c - Inner Flame           Hex/Fire       59%        N/A       1%          3
d - Sticky Flame          Conj/Fire      59%        2d7       1%          4
e - Fireball              Conj/Fire      29%        3d13      1%          5
f - Apportation           Tloc           100%       N/A       1%          1
g - Corpse Rot            Necr/Air       N/A        N/A       1%          2
h - Stone Arrow           Conj/Erth      100%       3d13      1%          3
i - Summon Lightning Spi  Summ/Air       59%        N/A       1%          4
j - Alistair's Intoxicat  Tmut/Pois      39%        N/A       1%          5
Your spell library was empty.

Dungeon Overview and Level Annotations

Branches:
Dungeon (9/15)             Temple (1/1) D:6            Lair (0/6) D:8
    Orc: D:9-12

Altars:
Cheibriados
Elyvilon
Fedhas
Gozag
Nemelex Xobeh
Okawaru
Qazlal
Sif Muna
Uskayaw
Yredelemnul
Zin
The Shining One

Annotations:
D:8 Joseph


Innate Abilities, Weirdness & Mutations

You are immune to sickness and miasma.
You are immune to poison.
Your flesh is very heat resistant. (rF++)
You are vulnerable to cold. (rC-)
You float through the air rather than walking.
You learn spells naturally, not from books.
Your magical power is your life essence.
You have superior vitality. (+4 HP)


Message History

Casting: Fireball (dangerous; 1% risk of failure)
Confirm with . or Enter, or press ? or * to list all spells.
Aiming: Fireball (dangerous; 1% risk of failure)
Press: ? - help, Shift-Dir - straight line, f/p - Maurice
Aim: Maurice, wielding a +0 dagger, wearing a +0 cloak and carrying a wand of acid (10) (moderately wounded, haloed)
The fireball explodes!
The fireball engulfs Maurice!!
Maurice is severely wounded.
Unknown command.
Casting: Fireball (dangerous; 1% risk of failure)
Confirm with . or Enter, or press ? or * to list all spells.
Aiming: Fireball (dangerous; 1% risk of failure)
Press: ? - help, Shift-Dir - straight line, f/p - Maurice
Aim: Maurice, wielding a +0 dagger, wearing a +0 cloak and carrying a wand of acid (10) (steam, severely wounded, haloed)
The fireball explodes!
The fireball engulfs Maurice!
Maurice is almost dead.
Maurice is engulfed in a cloud of scalding steam.
Maurice zaps a wand.
The bolt of acid hits you! The acid corrodes you!
You are splashed with acid!
Casting: Fireball (dangerous; 1% risk of failure)
Confirm with . or Enter, or press ? or * to list all spells.
Aiming: Fireball (dangerous; 1% risk of failure)
Press: ? - help, Shift-Dir - straight line, f/p - Maurice
Aim: Maurice, wielding a +0 dagger, wearing a +0 cloak and carrying a wand of acid (9) (steam, almost dead, haloed)
The fireball explodes!
The fireball engulfs Maurice!!
You kill Maurice!
* * * LOW HITPOINT WARNING * * *
Casting: Fireball (dangerous; 1% risk of failure)
Confirm with . or Enter, or press ? or * to list all spells.
Aiming: Fireball (dangerous; 1% risk of failure)
Press: ? - help, Shift-Dir - straight line, f - wight
Aim: a wight, wielding a +3 halberd and wearing a +0 robe (haloed)
The fireball explodes!
The fireball engulfs the wight!
The wight is heavily damaged.
* * * LOW HITPOINT WARNING * * *
Unknown command.
There is a shaft here.
Joseph shouts!
Joseph drinks a potion.
Joseph seems to speed up.
Joseph shoots a sling bullet.
The sling bullet hits you!!
You die...

......#.......###.# .##...≈≈≈....
)).####.......# #.# .####.....##.
#..# ##.....## #^# .# ########.
##.## ###...#####.##.# #. ##.#
#.##..>...#.##.# #. ##.##
#.#######.#z##.# #. #.(#
#.......#.#.##.# #. ...#
####.....#.#.##.# #.
.#.###...)......@.##.# #.
....##.##.....#.####.###########.
..#.....#..@..#.# #.(...........
#...###.###.###.####.############
..... ..............#
#######.###..........#
#.........###### ###########


You could see Joseph (fast) and a wight.

Vanquished Creatures
  A centaur warrior (D:9)
  A two-headed ogre (D:9)
  A harpy (shapeshifter) (D:9)
  Pikel (D:6)
  A cyclops (D:7)
  An elephant (D:8)
  Maurice (D:8)
  Maggie (D:8)
  2 trolls (D:9)
  Prince Ribbit (D:5)
  A meliai zombie (D:7)
  A hornet (D:9)
  2 wyverns
  A wraith (D:9)
  4 yaks (D:8)
  2 steam dragons
  Menkaure (D:4)
  A water moccasin (D:5)
  A sky beast (D:7)
  5 black bears
  A hornet zombie (D:8)
  3 orc warriors
  An ice beast (D:5)
  A necrophage (D:8)
  3 ogres
  6 centaurs
  A phantom (D:5)
  Blork the orc (D:5)
  A bullfrog (D:8)
  4 gnoll sergeants
  2 scorpions
  3 wyvern skeletons
  3 killer bees (D:8)
  7 wights
  6 howler monkeys
  2 bullfrog zombies (D:6)
  7 hounds
  A centaur zombie (D:9)
  2 gnoll shamans
  4 orc priests (D:8)
  3 centaur skeletons
  4 iguanas
  2 orc wizards
  A hound skeleton (D:5)
  25 gnolls
  6 adders
  2 worms
  3 dart slugs
  22 orcs
  3 bats
  9 endoplasms
  4 giant cockroaches
  6 hobgoblins
  9 jackals
  4 quokkas
  7 ball pythons
  6 frilled lizards
  5 goblins
  6 kobolds
  4 rats
  A butterfly (D:6)
221 creatures vanquished.

Vanquished Creatures (others)
  842 foxfires
  4 plants (D:8)
846 creatures vanquished.

Grand Total: 1067 creatures vanquished

Notes
Turn   | Place    | Note
-------+----------+-------------------------------------------
     0 | D:1      | robertstho the Djinni Fire Elementalist began the quest for
                  | the Orb.
     0 | D:1      | Reached XP level 1. HP: 15/15 MP: 0/0
    24 | D:1      | Found a faded altar of an unknown god.
   113 | D:1      | Became a worshipper of the Shining One
   113 | D:1      | Reached * piety under the Shining One
   352 | D:1      | Reached XP level 2. HP: 14/21 MP: 0/0
   573 | D:1      | Reached skill level 3 in Spellcasting
   960 | D:1      | Reached XP level 3. HP: 23/25 MP: 0/0
   960 | D:1      | Learned a level 1 spell: Apportation
  2022 | D:2      | Reached XP level 4. HP: 14/31 MP: 0/0
  2194 | D:2      | Reached ** piety under the Shining One
  3101 | D:3      | You are sucked into a shaft and drop 1 floor!
  3286 | D:4      | Reached skill level 4 in Spellcasting
  3286 | D:4      | Reached XP level 5. HP: 24/35 MP: 0/0
  3286 | D:4      | Learned a level 2 spell: Corpse Rot
  3522 | D:4      | Noticed Menkaure
  3532 | D:4      | Killed Menkaure
  3533 | D:4      | Reached skill level 1 in Invocations
  3533 | D:4      | Reached XP level 6. HP: 22/40 MP: 0/0
  4323 | D:4      | Reached skill level 5 in Spellcasting
  4937 | D:5      | Entered Level 5 of the Dungeon
  5170 | D:5      | Reached XP level 7. HP: 16/45 MP: 0/0
  5170 | D:5      | Learned a level 3 spell: Stone Arrow
  5606 | D:5      | Noticed a water moccasin
  5615 | D:5      | Killed a water moccasin
  5630 | D:5      | Reached skill level 6 in Spellcasting
  5660 | D:5      | Reached XP level 8. HP: 14/51 MP: 0/0
  5875 | D:5      | Noticed Prince Ribbit
  5881 | D:5      | The Shining One protects you from harm!
  6187 | D:5      | Killed Prince Ribbit
  6561 | D:5      | Noticed Blork the orc
  6574 | D:5      | Killed Blork the orc
  6575 | D:5      | Reached skill level 1 in Fighting
  7085 | D:6      | Reached skill level 7 in Spellcasting
  7300 | D:6      | Found a staircase to the Ecumenical Temple.
  7307 | Temple   | Entered the Ecumenical Temple
  7594 | D:6      | Reached XP level 9. HP: 49/57 MP: 0/0
  7594 | D:6      | Learned a level 4 spell: Summon Lightning Spire
  7669 | D:6      | Noticed Pikel
  7686 | D:6      | Killed Pikel
  7687 | D:6      | Reached skill level 8 in Spellcasting
  8061 | D:6      | Reached *** piety under the Shining One
  8568 | D:6      | You are sucked into a shaft and drop 1 floor!
  8574 | D:7      | Reached skill level 9 in Spellcasting
  8898 | D:7      | Reached XP level 10. HP: 5/64 MP: 0/0
  9718 | D:7      | Noticed a cyclops
  9733 | D:7      | Killed a cyclops
  9734 | D:7      | Reached skill level 10 in Spellcasting
 10535 | D:8      | Noticed Maggie
 10542 | D:8      | Killed Maggie
 10543 | D:8      | Reached skill level 5 in Invocations
 10545 | D:8      | HP: 2/64 [something (6)]
 11113 | D:8      | Reached **** piety under the Shining One
 11130 | D:8      | Noticed an elephant
 11136 | D:8      | Killed an elephant
 11137 | D:8      | Reached XP level 11. HP: 15/69 MP: 0/0
 11137 | D:8      | Learned a level 5 spell: Alistair's Intoxication
 11585 | D:8      | Reached skill level 11 in Spellcasting
 12065 | D:8      | Found a blossoming altar of Fedhas.
 12075 | D:8      | Noticed Joseph
 12108 | D:8      | You are sucked into a shaft and drop 1 floor!
 12421 | D:9      | Identified a scroll of acquirement
 12427 | D:9      | Acquired the +7 lajatang of Garaseadd {speed, rElec rN+
                  | Will+}
 12435 | D:9      | Noticed a two-headed ogre
 12439 | D:9      | Killed a two-headed ogre
 13047 | D:9      | Noticed a fire crab
 13047 | D:9      | Noticed a centaur warrior
 13057 | D:9      | The Shining One protects you from harm!
 13059 | D:9      | The Shining One protects you from harm!
 13061 | D:9      | Killed a centaur warrior
 13061 | D:9      | Noticed a harpy
 13062 | D:9      | Reached skill level 12 in Spellcasting
 13062 | D:9      | Killed a harpy
 13544 | D:8      | Found a staircase to the Lair.
 13558 | D:8      | Noticed Maurice
 13562 | D:8      | Killed Maurice
 13576 | D:8      | Shot with a sling bullet by Joseph

Illustrated notes

Levels and vault maps discovered:
D:1:      wander_arrival_peaceful_grave, layout_rooms,
          hellmonk_ecumenical_altar_zigzags
D:2:      layout_rooms, small_statue_intersection
D:3:      layout_loops_cross
D:4:      layout_cave_pods, solitary_fountain, uniq_menkaure
D:5:      layout_loops_ring, uniq_blork_the_orc, uniq_prince_ribbit1
D:6:      layout_cave_pools, minmay_temple_entry_butterflies, serial_gnoll_camp,
          gnoll_camp_huts_moat, gnoll_camp_medium_02, gnoll_camp_mini_hut,
          gnoll_camp_mini_doghouse, gnoll_camp_mini_loothouse,
          kennysheep_opposing_triangles, uniq_pikel
D:7:      layout_gridville
D:8:      layout_loops_ring, fedhas_ov_isle_minmay, david_lair_generic,
          uniq_joseph, uniq_maggie, uniq_maurice
D:9:      minmay_shrinking_squares, layout_long_grid
Temple:   nicolae_temple_the_god_donut

Skill      XL: |  1  2  3  4  5  6  7  8  9 10 11 |
---------------+----------------------------------+-----
Spellcasting   | 3 4 5 6 7 9 10 12 | 12.2
Stealth        | 2 3 |  3.8
Invocations    | 1 2 4 5 |  5.9
Fighting       | 1 2 |  2.4
Dodging        | 3 4 |  4.4
Staves         | |  0.1

Action                   |  1- 3 |  4- 6 |  7- 9 | 10-12 || total
-------------------------+-------+-------+-------+-------++-------
Melee: Unarmed           |     5 |       |       |       ||     5
       Dagger            |       |     2 |       |       ||     2
       Staff             |       |       |     3 |       ||     3
       Lajatang          |       |       |       |    11 ||    11
 Cast: Foxfire           |   101 |   107 |   225 |    68 ||   501
       Sticky Flame      |       |     3 |    13 |     8 ||    24
       Fireball          |       |     1 |       |    85 ||    86
       Conjure Flame     |       |       |       |     1 ||     1
       Alistair's Intoxi |       |       |       |     1 ||     1
Invok: Divine Shield     |       |       |       |     3 ||     3
  Use: Scroll            |       |     8 |     3 |     8 ||    19
       Potion            |       |       |     1 |     5 ||     6
Armor: Robe              |     2 |     3 |    26 |    11 ||    42
Dodge: Dodged            |    13 |    10 |    42 |    29 ||    94

Table legend: (Time is in decaauts)
 A = Elapsed time spent in this place.
 B = Non-inter-level travel time spent in this place.
 C = Inter-level travel time spent in this place.
 D = Time resting spent in this place.
 E = Time spent auto-exploring this place.
 F = Levels seen in this place.
 G = Mean time per level.
                   A        B        C        D        E       F      G
               +--------+--------+--------+--------+--------+-----+--------+
         Total |  13594 |  13192 |    402 |   2593 |   9164 |  10 | 1359.4 |
       Dungeon |  13557 |  13174 |    383 |   2593 |   9160 |   9 | 1506.3 |
        Temple |     37 |     19 |     18 |      0 |      4 |   1 |   37.0 |
               +--------+--------+--------+--------+--------+-----+--------+

Top non-repeatable levels by time:
     D:7: 2560 daAuts
     D:5: 1875 daAuts
     D:4: 1563 daAuts
     D:6: 1495 daAuts
     D:1: 1469 daAuts
     D:8: 1248 daAuts
     D:2: 1244 daAuts
     D:9: 1217 daAuts
     D:3: 881 daAuts
  Temple: 37 daAuts
